 Dungeon Sprint DCSS version 0.21.1-1-g345015f (webtiles) character file.

27900000 vatarom the Conqueror (level 27, -16/248 (249) HPs)
             Began as a Formicid Wanderer on Apr 28, 2018.
             Was the Champion of Makhleb.
             Demolished by a vile
             ... wielding a +0 flail
              (147 damage)
             ... in the Dungeon (Sprint VIII: "Arena of Blood").
             The game lasted 00:04:29 (279 turns).

vatarom the Conqueror (Formicid Wanderer)            Turns: 279, Time: 00:04:30

HP:   -16/248 (249) AC:  4    Str: 19    XL:     27
MP:   54/54         EV: 33    Int: 16    God:    Makhleb [******]
Gold: 0             SH:  0    Dex: 17    Spells: 80/80 levels left

rFire    . . .     SeeInvis +   m - +∞ Axe of Woe
rCold    . . .     Gourm    .   (no shield)
rNeg     . . .     Faith    .   e - +0 robe
rPois    .         Spirit   .   (helmet unavailable)
rElec    .         Reflect  .   (no cloak)
rCorr    .         Harm     .   (no gloves)
MR       ++...                  (no boots)
Stlth    +++++++++.             (no amulet)
HPRegen  0.51/turn              (no ring)
MPRegen  0.34/turn              (no ring)

@: lethally poisoned (-16 -> -88)
A: permanent stasis, dig shafts and tunnels, four strong arms, antennae 3
a: Dig, Minor Destruction, Lesser Servant of Makhleb, Major Destruction, Greater
Servant of Makhleb, Renounce Religion


You were in the Dungeon.
You worshipped Makhleb.
Makhleb was exalted by your worship.
You were not hungry.

You visited 1 branch

Inventory:

Hand Weapons
 a - a +2 hand axe
 b - a +0 hand crossbow
 m - the +∞ Axe of Woe (weapon)
   (You found it in the Dungeon)
Missiles
 c - 30 bolts
Armour
 e - a +0 robe (worn)
Jewellery
 f - a +30 ring of slaying
Scrolls
 l - a scroll of blinking
Potions
 d - a potion of lignification
 g - a potion of curing
 i - a potion of haste
 j - 2 potions of magic
 k - a potion of berserk rage


   Skills:
 O Level 27 Fighting
 O Level 27 Axes
 O Level 27 Crossbows
 O Level 27 Throwing
 O Level 27 Armour
 O Level 27 Dodging
 O Level 27 Stealth
 O Level 27 Unarmed Combat
 O Level 27 Spellcasting
 O Level 27 Invocations
   Level 1.1 Evocations


You had 80 spell levels left.
You didn't know any spells.

Dungeon Overview and Level Annotations

Branches:
Dungeon (1/1)

Altars:
Makhleb


Innate Abilities, Weirdness & Mutations

You cannot be hasted, slowed, berserked, paralysed or teleported.
You can dig through walls and to a lower floor.
Your four strong arms can wield two-handed weapons with a shield.
You have a pair of large antennae on your head. (SInv)


Message History

You hit the vile but do no damage.
You cleave the vile in twain.
You destroy the vile!
Makhleb accepts your kill.
You feel better.
You feel very sick.
You barely resist.
You hear a shout! x6
A destroyer comes into view.
It is wielding a +9 great sword of slicing.
You feel very sick.
You hear a shout!
The vile completely misses you.
You hear a shout! x2
The vile throws miasma at you. The foul vapour engulfs you!
You are more poisoned.
You feel your flesh rotting away!
Your stasis prevents you from being slowed.
You hear a shout! x5
The vile hits you with a flail!
You are engulfed in flames!!!!!
Ouch! That really hurt!
You die...

....W#..).....#....
.......)......#.V .
...V##.#.....So. #.
..............{.
...####...)#....{##
..9.......).......
#.§§.G.§......{..
#.#§9§.÷÷.=...{.
###.#@§§.)####### #...§§§..)#
####§.))..# #....#..#
#....#...# #......#..#
#....#.##..############
##..........)..........
########...▓▓▓▓▓▓▓▓▓▓▓▓▓▓▓####


You could see a destroyer (wandering), an observer (invisible) and 2 viles.

Vanquished Creatures
  4 molten gargoyles (D)
  A hell beast (D)
  2 great orbs of eyes (D)
  3 wraiths (D)
  5 vampire knights (D)
  22 ogres (D)
  7 two-headed ogres (D)
  4 liches (D)
  5 hydras (D)
  30 orcs (D)
  2 phantoms (D)
  A skeletal warrior (D)
  4 sea snakes (D)
  4 large abominations (D)
  2 small abominations (D)
  A crawling corpse (D)
97 creatures vanquished.

Vanquished Creatures (others)
  2 crawling corpses (D)
2 creatures vanquished.

Grand Total: 99 creatures vanquished

Notes
Turn   | Place    | Note
-------+----------+-------------------------------------------
     0 | D        | Found the +∞ Axe of Woe
     0 | D        | vatarom the Formicid Wanderer began the quest for the Orb.
     0 | D        | vatarom set off with: a +2 hand axe, a +0 hand crossbow, 30 bolts, a potion of lignification, a +0 robe, a ration, a potion of curing, a potion of heal wounds, a potion of haste, 2 potions of magic, a potion of berserk rage, a scroll of blinking
     0 | D        | Reached XP level 1. HP: 21/21 MP: 1/1
     2 | D        | Noticed a bag of meat
     3 | D        | Noticed a bag of meat
     3 | D        | Noticed a bag of meat
     3 | D        | Became a worshipper of Makhleb the Destroyer
     4 | D        | Noticed a bag of meat
     5 | D        | Noticed a bag of meat
     6 | D        | Noticed a bag of meat
     8 | D        | Noticed a bag of meat
     9 | D        | Noticed a meat berserker
     9 | D        | Killed a bag of meat
     9 | D        | Reached skill level 27 in Fighting
     9 | D        | Reached XP level 2. HP: 63/63 MP: 2/2
     9 | D        | Reached XP level 3. HP: 70/70 MP: 3/3
     9 | D        | Reached XP level 4. HP: 78/78 MP: 4/4
     9 | D        | Reached XP level 5. HP: 85/85 MP: 5/5
     9 | D        | Reached XP level 6. HP: 93/93 MP: 6/6
     9 | D        | Reached XP level 7. HP: 100/100 MP: 7/7
     9 | D        | Reached XP level 8. HP: 108/108 MP: 8/8
     9 | D        | Reached XP level 9. HP: 115/115 MP: 9/9
     9 | D        | Reached XP level 10. HP: 123/123 MP: 10/10
     9 | D        | Reached XP level 11. HP: 130/130 MP: 11/11
     9 | D        | Reached XP level 12. HP: 138/138 MP: 12/12
     9 | D        | Killed a bag of meat
     9 | D        | Reached * piety under Makhleb
     9 | D        | Reached XP level 13. HP: 145/145 MP: 13/13
     9 | D        | Killed a meat berserker
     9 | D        | Reached skill level 10 in Armour
     9 | D        | Reached skill level 10 in Stealth
     9 | D        | Reached XP level 14. HP: 153/153 MP: 14/14
     9 | D        | Reached XP level 15. HP: 159/159 MP: 15/15
    10 | D        | Reached ** piety under Makhleb
    10 | D        | Reached skill level 27 in Axes
    10 | D        | Reached XP level 16. HP: 150/167 MP: 16/16
    10 | D        | Reached skill level 15 in Armour
    11 | D        | Reached *** piety under Makhleb
    11 | D        | Reached XP level 17. HP: 157/174 MP: 17/17
    12 | D        | Noticed a meat berserker
    12 | D        | Noticed a meat berserker
    15 | D        | Killed a meat berserker
    15 | D        | Reached XP level 18. HP: 166/182 MP: 18/18
    17 | D        | Noticed a large bag of meat
    17 | D        | Noticed a meat berserker
    17 | D        | Reached skill level 27 in Stealth
    17 | D        | Killed a meat berserker
    17 | D        | Reached **** piety under Makhleb
    19 | D        | Noticed a meat berserker
    19 | D        | Noticed a meat berserker
    21 | D        | Killed a meat berserker
    21 | D        | Reached skill level 27 in Armour
    21 | D        | Reached XP level 19. HP: 189/189 MP: 19/19
    22 | D        | Noticed a destroyer
    22 | D        | Noticed a large bag of meat
    22 | D        | Noticed a large bag of meat
    23 | D        | Noticed a destroyer
    23 | D        | Killed a meat berserker
    23 | D        | Reached skill level 27 in Dodging
    23 | D        | Reached XP level 20. HP: 197/197 MP: 20/20
    23 | D        | Killed a meat berserker
    23 | D        | Killed a large bag of meat
    23 | D        | Reached ***** piety under Makhleb
    23 | D        | Reached skill level 15 in Crossbows
    23 | D        | Reached skill level 15 in Throwing
    23 | D        | Reached skill level 15 in Unarmed Combat
    23 | D        | Reached skill level 15 in Spellcasting
    23 | D        | Reached XP level 21. HP: 204/204 MP: 20/40
    24 | D        | Noticed a meat berserker
    25 | D        | Noticed a meat berserker
    25 | D        | Reached XP level 22. HP: 212/212 MP: 20/45
    26 | D        | Killed a large bag of meat
    27 | D        | Noticed a meat berserker
    27 | D        | Noticed a destroyer
    28 | D        | Noticed a large bag of meat
    28 | D        | Killed a destroyer
    28 | D        | Reached XP level 23. HP: 159/219 MP: 21/49
    28 | D        | Reached ****** piety under Makhleb
    28 | D        | Killed a destroyer
    28 | D        | Reached skill level 27 in Invocations
    28 | D        | Reached XP level 24. HP: 227/227 MP: 21/53
    29 | D        | Reached skill level 27 in Crossbows
    29 | D        | Reached skill level 27 in Throwing
    29 | D        | Reached skill level 27 in Unarmed Combat
    29 | D        | Reached skill level 27 in Spellcasting
    29 | D        | Killed a large bag of meat
    29 | D        | Reached XP level 25. HP: 234/234 MP: 21/54
    30 | D        | Noticed a destroyer
    30 | D        | Noticed a destroyer
    30 | D        | Noticed a large bag of meat
    31 | D        | Noticed a large bag of meat
    32 | D        | Noticed a large bag of meat
    35 | D        | Killed a destroyer
    35 | D        | Killed a large bag of meat
    36 | D        | Reached XP level 26. HP: 154/242 MP: 23/54
    38 | D        | Killed a destroyer
    41 | D        | Killed a large bag of meat
    42 | D        | Killed a large bag of meat
    42 | D        | Killed a destroyer
    42 | D        | Reached XP level 27. HP: 249/249 MP: 24/54
    46 | D        | Noticed a tyrant
    46 | D        | Killed a large bag of meat
    50 | D        | Killed a tyrant
    51 | D        | Noticed a tyrant
    54 | D        | Noticed a tyrant
    55 | D        | Killed a tyrant
    56 | D        | Noticed a tyrant
    60 | D        | Killed a tyrant
    64 | D        | Noticed a dread
    66 | D        | Noticed a dread
    70 | D        | Noticed a meat beast
    74 | D        | Killed a dread
    78 | D        | Killed a meat beast
    80 | D        | Killed a dread
    80 | D        | Killed a tyrant
   260 | D        | Noticed a vile
   267 | D        | Noticed a dread
   268 | D        | Noticed a vile
   268 | D        | Noticed a vile
   269 | D        | Killed a vile
   276 | D        | Noticed a vile
   276 | D        | Killed a vile
   276 | D        | Killed a vile
   277 | D        | Noticed a vile
   277 | D        | Killed a dread
   278 | D        | Noticed a vile
   278 | D        | Killed a vile
   279 | D        | Noticed a destroyer
   279 | D        | Demolished by a vile

Skill      XL: |  1  2  3  4  5  6  7  8  9 10 11 12 13 14 15 16 17 18 19 20 21 22 23 24 |
---------------+-------------------------------------------------------------------------+-----
Fighting       | 27 | 27.0
Axes           | 8 17 24 27 | 27.0
Armour         | 3 7 10 13 19 21 27 | 27.0
Stealth        | 7 10 14 21 26 27 | 27.0
Dodging        | 7 14 17 25 27 | 27.0
Crossbows      | 15 19 22 26 27 | 27.0
Throwing       | 15 19 22 26 27 | 27.0
Unarmed Combat | 15 19 22 26 27 | 27.0
Spellcasting   | 15 19 22 26 27 | 27.0
Invocations    | 17 22 26 27 | 27.0
Evocations     | |  1.1

Action                   |  1- 3 |  4- 6 |  7- 9 | 10-12 | 13-15 | 16-18 | 19-21 | 22-24 | 25-27 || total
-------------------------+-------+-------+-------+-------+-------+-------+-------+-------+-------++-------
Melee: Executioner's axe |     1 |       |       |       |     1 |     4 |     3 |     3 |    43 ||    55
 Abil: Dig               |       |       |       |       |       |       |       |       |    19 ||    19
  Use: Potion            |       |       |       |       |       |       |       |       |     1 ||     1
 Stab: Distracted        |       |       |       |       |       |       |       |       |     1 ||     1
  Eat: Ration            |       |       |       |       |       |       |       |       |     1 ||     1
Armor: Robe              |       |       |       |       |       |       |       |       |     1 ||     1
Dodge: Dodged            |       |       |       |       |     1 |       |       |       |    11 ||    12
